 Dungeon Crawl Stone Soup version 0.31-a0-1611-g890cdf5 (webtiles) character file.

Game seed: 6349789849546154951

3673 PidgeyThePirate the Grappler (level 9, -1/65 HPs)
             Began as a Demonspawn Chaos Knight on Jan 8, 2024.
             Was a Plaything of Xom.
             Drowned by Pikel the water nymph (13 damage)
             ... on level 8 of the Dungeon.
             The game lasted 00:17:49 (7403 turns).

PidgeyThePirate the Grappler (DsCK)                 Turns: 7403, Time: 00:17:52

Health: -1/65      AC: 31    Str: 18    XL:     9   Next: 89%
Magic:  9/9        EV: 13    Int: 12    God:    Xom [......]
Gold:   357        SH:  7    Dex: 18    Spells: 8/8 levels left

rFire   . .          .
                       - Unarmed
rCold   . . .        H - +2 buckler
rNeg    . . .        y - +18 Lear's hauberk
rPois   .            (helmet currently unavailable)
rElec   .            (no cloak)
rCorr   .            (gloves currently unavailable)
SInv    .            (boots currently unavailable)
Will    +....        (no amulet) Stlth
                     n - +4 ring of protection
HPRegen 0.30/turn    I - +6 ring of dexterity
MPRegen 0.11/turn

%: repel missiles, clarity
@: mighty, enlightened, flying
A: claws 1, repulsion field 3, clarity
a: Renounce Religion


You were on level 8 of the Dungeon.
You worshipped Xom.
You were a very special plaything of Xom.
You visited 1 branch of the dungeon, and saw 8 of its levels.
You also visited: Sewer.

You collected 357 gold pieces.

Inventory:

Missiles
 f - 2 javelins (quivered)
Armour
 a - a +2 leather armour
 i - a +0 pair of gloves
 r - a +1 hat
 y - the +18 Lear's hauberk (worn)
   (You found it on level 5 of the Dungeon)
 H - a +2 buckler (worn)
Jewellery
 n - a +4 ring of protection (left claw)
 q - an amulet of faith
 w - a ring of resist corrosion
 I - a +6 ring of dexterity (right claw)
 J - a ring of magical power
Wands
 u - a wand of charming (1)
 z - a wand of acid (7)
 B - a wand of digging (5)
 E - a wand of iceblast (33)
 F - a wand of polymorph (7)
Scrolls
 b - a scroll of enchant weapon {unknown}
 c - a scroll of vulnerability {unknown}
 d - 2 scrolls of fog
 e - 4 scrolls of revelation
 j - 2 scrolls of poison
 k - 4 scrolls of identify
 m - a scroll of blinking
 o - a scroll of amnesia {unknown}
 s - 4 scrolls of noise
 C - a scroll of brand weapon {unknown}
 G - 2 scrolls of teleportation
Potions
 h - a potion of ambrosia {unknown}
 p - a potion of lignification {unknown}
 t - a potion of mutation {unknown}
 v - a potion of cancellation {unknown}
 x - a potion of berserk rage {unknown}
 A - a potion of attraction
 D - a potion of haste {unknown}


   Skills:
 + Level 4.0 Fighting
 + Level 4.3 Armour
 + Level 4.1 Dodging
 + Level 0.3 Stealth
 + Level 1.3 Shields
 * Level 11.6 Unarmed Combat


You had 8 spell levels left.
You didn't know any spells.
Your spell library contained the following spells:

 Spells                   Type           Power      Damage    Failure   Level
 Sandblast                Erth           0%         2d4       98%         1
 Blink                    Tloc           0%         N/A       99%         2
 Lesser Beckoning         Tloc           0%         N/A       99%         2
 Momentum Strike          Conj/Tloc      0%         3d8       99%         2
 Passwall                 Erth           0%         N/A       100%        3
 Stone Arrow              Conj/Erth      0%         3d7       100%        3
 Brom's Barrelling Bould  Conj/Erth      0%         2d3       100%        4


Dungeon Overview and Level Annotations

Branches:
Dungeon (8/15)             Temple (0/1) D:7           Sewer (visited)
   Lair: D:8-11

Altars:
Cheibriados
Dithmenos
Fedhas
Hepliaklqana
Makhleb
Nemelex Xobeh
Qazlal
Sif Muna

Shops:
D:6 (

Annotations:
D:8 Pikel


Innate Abilities, Weirdness & Mutations

You have sharp fingernails.
You are surrounded by a strong repulsion field. (EV +4, RMsl)
You possess an exceptional clarity of mind.


Message History

You scratch Pikel.
Pikel is almost dead.
You hear Xom's avuncular chuckle.
Pikel the orb spider evaporates and reforms as a water nymph!
A lemure comes into view.
The lemure misses you. Pikel closely misses you.
You closely miss Pikel.
Pikel is almost dead.
The lemure hits you but does no damage. You block Pikel's attack.
Splash!
You fall into the shallow water.
Moving in this stuff is going to be slow.
Your unstable footing causes you to fumble your attack.
The lemure completely misses you. The lemure barely misses you.
You barely miss Pikel.
Pikel is almost dead.
Pikel casts a spell at you. The water swirls and strikes you!
You scratch Pikel.
Pikel is almost dead.
The lemure barely misses you. The lemure completely misses you.
Pikel touches you. Pikel drowns you!
You emit a cloud of colourful smoke!
You feel very mighty all of a sudden. The lemure hits you but does no damage.
The lemure barely misses you. Pikel touches you. Pikel drowns you!
* * * LOW HITPOINT WARNING * * *
It was a potion of enlightenment.
You feel very buoyant.
You fly up into the air.
Xom thinks this is hilarious!
The lemure barely misses you.
The lemure splashes around in the water.
Pikel touches you.
* * * LOW HITPOINT WARNING * * *
You emit a cloud of colourful smoke!
Pikel drowns you!
You die...
Pikel says, "See you in Hell!"
Xom roars with laughter!

#.##..# #. #.##
##.##.#
###.<#..#
#...##.## ##
#.....# #5
#.....#
#.##m##§§...#
#.§55@5§§...#
....#§###§§...#
# # #§....#
#.....# .#.####
#.... #....#
#....#


You could see Pikel the water nymph and 4 lemures.

Vanquished Creatures
  A boulder beetle (D:7)
  Prince Ribbit (D:6)
  Sigmund (D:6)
  A slime creature (D:7)
  A wyvern (D:7)
  Menkaure (D:7)
  A steam dragon (D:6)
  A water moccasin (D:5)
  Pargi (Sewer)
  2 ogres
  2 centaurs
  2 phantoms (D:6)
  2 kobold brigands (D:6)
  A brain worm (Sewer)
  4 bullfrogs (D:7)
  A gnoll sergeant (D:6)
  2 scorpions (D:6)
  6 wights
  An electric eel (D:7)
  2 orc priests (D:6)
  4 bombardier beetles
  2 hounds
  3 jellies
  3 sleepcaps (D:6)
  Ijyb (D:4)
  Natasha (thrice) (D:4)
  3 iguanas
  2 orc wizards (D:6)
  4 gnolls (D:8)
  6 adders
  A shadow imp (D:5)
  2 white imps
  2 ufetubi (D:6)
  4 dart slugs
  2 ribbon worms (D:6)
  15 orcs
  8 ball pythons
  4 endoplasms
  2 giant cockroaches
  2 goblins
  6 hobgoblins
  6 jackals
  A quokka (D:1)
  4 bats
  3 frilled lizards
  14 kobolds
  6 rats
147 creatures vanquished.

Vanquished Creatures (collateral kills)
  An acid dragon (D:7)
  A kobold brigand (D:7)
  A bullfrog (D:7)
  2 kobolds (D:7)
5 creatures vanquished.

Vanquished Creatures (others)
  An orc (D:6)
1 creature vanquished.

Grand Total: 153 creatures vanquished

Notes
Turn   | Place    | Note
-------+----------+-------------------------------------------
     0 | D:1      | PidgeyThePirate the Demonspawn Chaos Knight began the quest
                  | for the Orb.
     0 | D:1      | Reached XP level 1. HP: 18/18 MP: 1/1
   229 | D:1      | XOM: smoke on damage
   386 | D:1      | Reached skill level 3 in Unarmed Combat
   441 | D:1      | Gained mutation: You are surrounded by a mild repulsion
                  | field. (EV +2) [demonic ancestry]
   441 | D:1      | Reached XP level 2. HP: 24/24 MP: 2/2
   582 | D:1      | XOM: cloud trail
   930 | D:2      | Identified the +2 whip of Kemaubuf {vamp, rF+}
  1003 | D:2      | Found a faded altar of an unknown god.
  1018 | D:2      | Reached skill level 1 in Dodging
  1028 | D:2      | Reached XP level 3. HP: 29/29 MP: 3/3
  1184 | D:2      | XOM: silly message
  1234 | D:2      | XOM: silly message
  1646 | D:3      | Found a sparkling altar of Nemelex Xobeh.
  1693 | D:3      | XOM: potion effect (invisibility)
  1702 | D:3      | Gained mutation: You are surrounded by a moderate repulsion
                  | field. (EV +3) [demonic ancestry]
  1702 | D:3      | Reached XP level 4. HP: 27/35 MP: 4/4
  2192 | D:3      | Found a hazy altar of Hepliaklqana.
  2374 | D:4      | Found a snail-covered altar of Cheibriados.
  2377 | D:4      | XOM: divination: magic mapping
  2390 | D:4      | Reached skill level 4 in Unarmed Combat
  2390 | D:4      | Reached XP level 5. HP: 41/41 MP: 5/5
  2415 | D:4      | Noticed Natasha
  2426 | D:4      | Killed Natasha
  2435 | D:4      | XOM: silly message
  2483 | D:4      | Noticed Ijyb
  2561 | D:4      | Killed Ijyb
  2804 | D:4      | Noticed Natasha
  2818 | D:4      | Killed Natasha
  2960 | D:4      | XOM: silly message
  3151 | D:4      | Noticed Natasha
  3162 | D:4      | Killed Natasha
  3170 | D:4      | XOM: silly message
  3173 | D:5      | Entered Level 5 of the Dungeon
  3181 | D:5      | Noticed a water moccasin
  3194 | D:5      | Killed a water moccasin
  3195 | D:5      | Reached skill level 5 in Unarmed Combat
  3195 | D:5      | Reached XP level 6. HP: 44/47 MP: 6/6
  3259 | D:5      | Found the +18 Lear's hauberk
  3362 | D:5      | XOM: silly message
  3504 | D:5      | Reached skill level 6 in Unarmed Combat
  3504 | D:5      | Gained mutation: You are surrounded by a strong repulsion
                  | field. (EV +4, RMsl) [demonic ancestry]
  3504 | D:5      | Reached XP level 7. HP: 52/52 MP: 7/7
  3574 | D:5      | XOM: potion effect (might)
  3684 | D:5      | XOM: silly message
  4232 | D:5      | XOM: silly message
  4260 | D:6      | Noticed Sigmund
  4339 | D:6      | Found a glowing drain.
  4343 | Sewer    | Entered a sewer
  4352 | Sewer    | XOM: confusion (+ monsters)
  4531 | Sewer    | Reached skill level 7 in Unarmed Combat
  4574 | Sewer    | Noticed Pargi
  4594 | Sewer    | Killed Pargi
  4658 | D:6      | XOM: silly message
  4674 | D:6      | XOM: 1-stop teleportation journey
  4814 | D:6      | Noticed Prince Ribbit
  4824 | D:6      | XOM: swap monsters
  4836 | D:6      | Found Teox's Antique Weapon Boutique.
  4842 | D:6      | Gained mutation: You have sharp fingernails. [demonic
                  | ancestry]
  4842 | D:6      | Reached XP level 8. HP: 25/59 MP: 8/8
  4844 | D:6      | XOM: polymorph Prince Ribbit -> Prince Ribbit
  4846 | D:6      | Killed Prince Ribbit
  4847 | D:6      | Reached skill level 8 in Unarmed Combat
  5064 | D:6      | Found a blossoming altar of Fedhas.
  5064 | D:6      | Found a burning altar of Makhleb.
  5186 | D:6      | Killed Sigmund
  5200 | D:6      | XOM: god gift: +2 longbow of chaos
  5247 | D:6      | Reached skill level 9 in Unarmed Combat
  5425 | D:6      | XOM: divination: detect items
  5426 | D:6      | XOM: blink monster(s)
  5548 | D:6      | XOM: summons 2 hostile demons
  5637 | D:6      | Reached XP level 9. HP: 65/65 MP: 9/9
  5675 | D:6      | XOM: polymorph adder -> ball python
  5773 | D:6      | XOM: god gift: faintly glowing long sword {god gift}
  5773 | D:6      | Identified the +0 long sword of Evolution {chaos, Str+4}
                  | (Xom gifted it to you on level 6 of the Dungeon)
  6207 | D:7      | Reached skill level 10 in Unarmed Combat
  6235 | D:7      | XOM: cast spell 'Summon Small Mammal'
  6325 | D:7      | XOM: summons 2 hostile shadow creatures
  6326 | D:7      | Found a staircase to the Ecumenical Temple.
  6351 | D:7      | XOM: god gift: 34 gold pieces
  6381 | D:7      | Found a shimmering blue altar of Sif Muna.
  6448 | D:7      | Noticed Menkaure
  6448 | D:7      | XOM: summons 8 friendly demons
  6450 | D:7      | Noticed a boulder beetle
  6477 | D:7      | Found a stormy altar of Qazlal.
  6507 | D:7      | Killed Menkaure
  6508 | D:7      | Reached skill level 11 in Unarmed Combat
  6510 | D:7      | XOM: draining
  6518 | D:7      | Killed a boulder beetle
  6536 | D:7      | XOM: summons 4 hostile demons
  6537 | D:7      | Noticed a rust devil
  6741 | D:7      | XOM: silly message
  6746 | D:7      | Reached skill level 1 in Shields
  6768 | D:7      | XOM: 5-stop teleportation journey
  6849 | D:7      | XOM: give mutation
  6849 | D:7      | Gained mutation: You possess an exceptional clarity of
                  | mind. [Xom's mischief]
  7035 | D:7      | Found a shadowy altar of Dithmenos.
  7379 | D:8      | Noticed Pikel
  7393 | D:8      | XOM: fog
  7394 | D:8      | Pikel changed into Pikel the orb spider
  7394 | D:8      | Noticed Pikel
  7394 | D:8      | XOM: polymorph Pikel -> Pikel the orb spider
  7397 | D:8      | Pikel the orb spider changed into Pikel the water nymph
  7397 | D:8      | Noticed Pikel
  7397 | D:8      | XOM: polymorph Pikel the orb spider -> Pikel the water
                  | nymph
  7401 | D:8      | XOM: smoke on damage
  7403 | D:8      | XOM: smoke on damage
  7403 | D:8      | Drowned by Pikel the water nymph

Illustrated notes

Levels and vault maps discovered:
D:1:      dpeg_arrival_stone_temple_mockup, layout_loops_ring
D:2:      layout_basic, shapermc_ecumenical_altar_venn,
          minmay_shallow_snake_nest
D:3:      layout_loops_cross, mainiacjoe_overflow_alcove_2,
          nemelex_xobeh_ov_fountains_minmay
D:4:      layout_loops_ring, kennysheep_slug_shrine, uniq_ijyb, uniq_natasha
D:5:      layout_layer_cave, dreamdust_mushroom_princess
D:6:      layout_gridville, gammafunk_temple_overflow_wave, old_standard_altar,
          gup_sewer_entry_bowl, serial_shops, shop, minmay_increasing_density,
          uniq_prince_ribbit1, uniq_sigmund
D:7:      nzn_winding_woodlands_small [nzn_winding_woodlands_5x15_default,
          nzn_winding_woodlands_center_triple_pond,
          nzn_winding_woodlands_5x15_lazy_stream], layout_loops_ring,
          mainiacjoe_overflow_catwalk_spiral, lemuel_coloured_pillars_altar,
          minmay_temple_entry_slanted, uniq_menkaure
D:8:      layout_rooms, enter_bailey_6, onia_ninara_dug_in_and_dangerous,
          uniq_pikel

Skill      XL: |  1  2  3  4  5  6  7  8  9 |
---------------+----------------------------+-----
Unarmed Combat | 3 4 5 6 7 9 11 | 11.6
Armour         | 2 3 4 |  4.3
Dodging        | 1 2 3 4 |  4.1
Fighting       | 4 |  4.0
Shields        | 1 |  1.3
Stealth        | |  0.3

Action                     |  1- 3 |  4- 6 |  7- 9 || total
---------------------------+-------+-------+-------++-------
  Melee: Unarmed           |   139 |   167 |   449 ||   755
         Punch             |     1 |     6 |    16 ||    23
    Use: Potion            |       |     1 |     8 ||     9
         Scroll            |       |       |     9 ||     9
 Armour: Leather armour    |    88 |    77 |       ||   165
         Chain mail        |       |     2 |   380 ||   382
  Dodge: Dodged            |   118 |    99 |   368 ||   585
         Repelled          |       |       |    13 ||    13
  Block: Buckler           |       |       |    37 ||    37

Table legend: (Time is in decaauts)
 A = Elapsed time spent in this place.
 B = Non-inter-level travel time spent in this place.
 C = Inter-level travel time spent in this place.
 D = Time resting spent in this place.
 E = Time spent auto-exploring this place.
 F = Levels seen in this place.
 G = Mean time per level.
                   A        B        C        D        E       F      G
               +--------+--------+--------+--------+--------+-----+--------+
         Total |   7352 |   7101 |    251 |      0 |   5288 |   9 |  816.9 |
       Dungeon |   7043 |   6792 |    251 |      0 |   5075 |   8 |  880.4 |
         Sewer |    308 |    308 |      0 |      0 |    213 |   1 |  308.0 |
               +--------+--------+--------+--------+--------+-----+--------+

Top non-repeatable levels by time:
     D:6: 1530 daAuts
     D:7: 1137 daAuts
     D:5: 1065 daAuts
     D:2: 853 daAuts
     D:4: 847 daAuts
     D:1: 785 daAuts
     D:3: 678 daAuts
   Sewer: 308 daAuts
     D:8: 144 daAuts
